 Dungeon Crawl Stone Soup version 0.31.0-32-g396128a36d (webtiles) character file.

Game seed: 5255174731769228508

122 James the Cudgeller (level 5, 0/28 HPs)
             Began as a Vine Stalker Fighter on Mar 10, 2024.
             Slain by an orc priest
             ... wielding a +0 hand axe of venom
              (1 damage)
             ... on level 3 of the Dungeon.
             The game lasted 00:10:02 (1816 turns).

James the Cudgeller (Vine Stalker Fighter)          Turns: 1816, Time: 00:10:03

Health: 0/28       AC: 14    Str: 21    XL:     5   Next: 6%
Magic:  0/6        EV:  7    Int:  8    God:
Gold:   217        SH:  4    Dex: 13    Spells: 4/4 levels left

rFire   . . .        b - +0 whip
rCold   + . .        c - +0 buckler
rNeg    . . .        E - +0 chain mail
rPois   .            (no helmet)
rElec   .            C - +0 cloak
rCorr   .            (no gloves)
SInv    .            (no boots)
Will    .....        (no amulet) Stlth
                     m - +4 ring of protection
HPRegen 1.04/turn    o - ring of protection from cold
MPRegen 0.10/turn

%: guardian spirit
@: lethally poisoned (0 -> -1)
A: fangs 2, regeneration 1, magic shield, antimagic bite, no potion heal 2
a: no special abilities


You were on level 3 of the Dungeon.
You visited 1 branch of the dungeon, and saw 3 of its levels.

You collected 217 gold pieces.

Inventory:

Hand Weapons
 a - a +2 flail of holy wrath
   (You found it on level 1 of the Dungeon)
 b - a +0 whip (weapon)
   (You took it off a kobold on level 1 of the Dungeon)
 k - a +0 flail
 v - a +0 sling
   (You found it on level 2 of the Dungeon)
 y - a +0 trident
   (You took it off an orc on level 3 of the Dungeon)
Missiles
 w - 4 poisoned darts (quivered)
 z - 11 stones
 I - 2 boomerangs
Armour
 c - a +0 buckler (worn)
 e - a +0 scale mail
 i - a +0 scale mail
   (You took it off a goblin on level 1 of the Dungeon)
 r - a +0 robe
   (You found it on level 2 of the Dungeon)
 A - a +0 leather armour
   (You found it on level 3 of the Dungeon)
 C - a +0 cloak (worn)
   (You found it on level 2 of the Dungeon)
 E - a +0 chain mail (worn)
   (You found it on level 3 of the Dungeon)
 G - a +0 robe
   (You took it off an orc wizard on level 3 of the Dungeon)
 H - a +0 chain mail
   (You took it off an orc on level 3 of the Dungeon)
Magical Staves
 D - a staff of earth
   (You found it on level 3 of the Dungeon)
Jewellery
 m - a +4 ring of protection (left hand)
   (You found it on level 2 of the Dungeon)
 o - a ring of protection from cold (right hand)
   (You found it on level 2 of the Dungeon)
 t - a ring of positive energy
   (You found it on level 3 of the Dungeon)
Wands
 u - a wand of paralysis (8)
   (You found it on level 3 of the Dungeon)
Scrolls
 g - a scroll of butterflies {unknown}
 h - a scroll of enchant armour {unknown}
 l - 2 scrolls of enchant weapon {unknown}
 n - 2 scrolls of fog {unknown}
 x - a scroll of fear {unknown}
 B - a scroll of amnesia {unknown}
 F - a scroll of teleportation {unknown}
Potions
 d - a potion of might
 f - a potion of berserk rage {unknown}
 j - a potion of heal wounds {unknown}
 q - a potion of ambrosia {unknown}
 s - a potion of haste {unknown}


   Skills:
 + Level 3.1 Fighting
 * Level 3.6 Maces & Flails
 + Level 2.8 Armour
 + Level 3.1 Shields


You had 4 spell levels left.
You didn't know any spells.
Your spell library contained the following spells:

 Spells                   Type           Power      Damage    Failure   Level
 Summon Small Mammal      Summ           0%         N/A       98%         1
 Call Canine Familiar     Summ           0%         N/A       100%        3
 Summon Blazeheart Golem  Fire/Summ      0%         N/A       100%        4


Dungeon Overview and Level Annotations

Branches:
Dungeon (3/15)

Altars:
Gozag
Zin


Innate Abilities, Weirdness & Mutations

You have extremely sharp teeth.
Your natural rate of healing is unusually fast.
When hurt, damage is shared between your health and your magic reserves.
Your bite disrupts and absorbs the magic of your enemies.
Potions cannot restore your health.


Message History

You closely miss the orc priest. You bite the orc priest. You drain its power.
The orc priest hits you with a +0 hand axe of venom.
You are poisoned.
You barely miss the orc priest. You bite the orc priest. You drain its power.
You feel very sick. You block the orc priest's attack.
You closely miss the orc priest. You bite the orc priest. You drain its power.
You feel sick.
The orc priest mumbles some strange prayers to Beogh against you.
Beogh smites you!
You closely miss the orc priest.
You feel sick.
The orc priest hits you with a +0 hand axe of venom.
* * * LOW HITPOINT WARNING * * *
You closely miss the orc priest. Your bite misses the orc priest.
You feel sick.
The orc priest hits you but does no damage.
You are more poisoned.
You hit the orc priest.
You feel very sick.
The orc priest hits you with a +0 hand axe of venom.
* * * LOW HITPOINT WARNING * * *
You closely miss the orc priest. Your bite misses the orc priest.
You feel very sick.
The orc priest calls down the wrath of Beogh upon you.
You struggle to resist.
Okay, then.
You completely miss the orc priest. Your bite misses the orc priest.
You feel sick.
The orc priest invokes the aid of Beogh against you.
Pain shoots through your body!
* * * LOW HITPOINT WARNING * * *
It was a potion of curing.
Your system rejects the healing.
You feel better.
The orc priest hits you but does no damage.
You are poisoned.
Press: ? - help, Shift-Dir - straight line, f - orc priest
Aim: an orc priest, wielding a +0 hand axe of venom (heavily wounded, chance to affect: 49%)
The orc priest resists with some effort.
* * * LOW HITPOINT WARNING * * *
You feel sick.
The orc priest hits you but does no damage.
You are lethally poisoned!
Your system rejects the healing.
You feel better.
The orc priest hits you but does no damage.
You are lethally poisoned!
You hit the orc priest.
You bite the orc priest, but do no damage.
* * * LOW HITPOINT WARNING * * *
You feel sick.
The orc priest hits you with a +0 hand axe of venom.
You die...

## #. # #.######.#
#..#..)..'
####.o....#.#
#....@....#.#
#.#.#.#.#.#.# #
#.#.###.# #.#.#.#.#.#
+# #.....).#.# .#
#...#.#)#.# .#
......##.#.#.###.######
##.#.. ..#.#....>......
...#.#####.#..##.##.###


You could see an orc priest.

Vanquished Creatures
  An orc wizard (D:3)
  A gnoll (D:1)
  An adder (D:2)
  A dart slug (D:2)
  A ribbon worm (D:1)
  4 orcs (D:3)
  5 bats
  2 endoplasms
  5 giant cockroaches
  5 goblins
  7 hobgoblins
  6 jackals (D:2)
  6 kobolds (D:1)
  3 quokkas
  7 ball pythons
  3 frilled lizards
  8 rats
66 creatures vanquished.

Notes
Turn   | Place    | Note
-------+----------+-------------------------------------------
     0 | D:1      | James the Vine Stalker Fighter began the quest for the Orb.
     0 | D:1      | Reached XP level 1. HP: 11/11 MP: 2/2
   160 | D:1      | Reached XP level 2. HP: 16/16 MP: 3/3
   505 | D:1      | Reached XP level 3. HP: 19/19 MP: 4/4
   573 | D:1      | Found a faded altar of an unknown god.
   842 | D:1      | Reached XP level 4. HP: 21/23 MP: 5/5
   854 | D:2      | You fall into a shaft and drop 1 floor!
  1662 | D:3      | Found an opulent altar of Gozag.
  1662 | D:3      | Found a glowing silver altar of Zin.
  1794 | D:3      | Reached XP level 5. HP: 28/28 MP: 6/6
  1812 | D:3      | HP: 1/28 [orc priest/nerve-wracking pain (6)]
  1816 | D:3      | Slain by an orc priest

Illustrated notes

Levels and vault maps discovered:
D:1:      erik_arrival_triangle_medium, layout_rooms,
          dreamdust_ecumenical_altar_statues
D:2:      layout_basic, grunt_decor_cap
D:3:      layout_basic, grunt_temple_overflow_gold_and_silver, uniq_sigmund

Skill      XL: |  1  2  3  4 |
---------------+-------------+-----
Maces & Flails | 2 3 |  3.6
Fighting       | 3 |  3.1
Shields        | 3 |  3.1
Armour         | |  2.8

Action                     |  1- 3 |  4- 6 || total
---------------------------+-------+-------++-------
  Melee: Flail             |    16 |       ||    16
         Bite              |    23 |    30 ||    53
         Whip              |    93 |   118 ||   211
  Throw: Stone             |     3 |       ||     3
  Evoke: Wand              |       |     1 ||     1
    Use: Potion            |       |     2 ||     2
 Armour: Scale mail        |    50 |    34 ||    84
         Chain mail        |       |    21 ||    21
  Dodge: Dodged            |    33 |    38 ||    71
  Block: Buckler           |    21 |    17 ||    38
